 Dungeon Crawl Stone Soup version 0.17.0-28-g6e173f8 (console) character file.

4629 Kloppie the Protected (level 10, -11/93 HPs)
             Began as a Hill Orc Fighter on Nov 29, 2015.
             Was an Initiate of Elyvilon.
             Mangled by a komodo dragon (25 damage)
             ... on level 8 of the Dungeon.
             The game lasted 00:16:49 (10759 turns).

Kloppie the Protected (Hill Orc Fighter)           Turns: 10759, Time: 00:16:49

Health: -11/93     AC: 11    Str: 18    XL:     10   Next: 42%
Magic:  14/14      EV:  5    Int:  8    God:    Elyvilon [......]
Gold:   561        SH:  9    Dex: 13    Spells: 0 memorised, 9 levels left

rFire  . . .     SeeInvis .     a - +1 war axe
rCold  . . .     Clarity  .     J - +0 chain mail
rNeg   . . .     SustAt   .     c - +0 shield
rPois  +         Gourm    .     (no helmet)
rElec  .         Spirit   .     (no cloak)
rCorr  .         Warding  .     (no gloves)
rMut   +         Stasis   .     (no boots)
MR     .....                    m - amulet of resist mutation
Stlth  ..........               E - -2 ring of strength (curse)
                                C - ring of poison resistance

@: not resistant to hostile enchantments, extremely unstealthy
A: no striking features
a: Renounce Religion


You were on level 8 of the Dungeon.
You worshipped Elyvilon.
Elyvilon was noncommittal.
You were not hungry.

You visited 2 branches of the dungeon, and saw 10 of its levels.

You collected 561 gold pieces.

Inventory:

Hand Weapons
 a - a +1 war axe (weapon)
 D - a -1 executioner's axe
Armour
 b - a +1 scale mail
 c - a +0 shield (worn)
 u - a +0 plate armour
 J - a +0 chain mail (worn)
Jewellery
 l - an uncursed ring of ice
 m - an amulet of resist mutation (around neck)
 y - a +4 ring of strength
 C - a ring of poison resistance (left hand)
 E - a cursed -2 ring of strength (right hand)
Wands
 o - a wand of lightning (0)
 F - a wand of fire (9)
 H - a wand of cold (7)
Scrolls
 f - 5 scrolls of teleportation
 g - 2 scrolls of recharging
 h - 5 scrolls of fog
 n - 3 scrolls of enchant weapon
 p - a scroll of noise
 s - 2 scrolls of blinking
 v - 7 scrolls of identify
 B - a scroll of remove curse
 I - a scroll of random uselessness {unknown}
Potions
 i - 2 potions of brilliance
 k - 3 potions of haste
 q - a potion of cancellation
 r - 2 potions of resistance {unknown}
 t - 2 potions of flight
 w - a potion of lignification {unknown}
 x - a potion of mutation {unknown}
 z - 2 potions of agility {unknown}
 A - a potion of ambrosia {unknown}
Comestibles
 d - 3 slices of pizza
 e - 9 bread rations
 j - 5 meat rations
 G - 5 beef jerkies
 K - a royal jelly


   Skills:
 - Level 10.0 Fighting
 - Level 10.1 Axes
 - Level 10.5 Armour
 - Level 3.2 Shields
 + Level 6.2 Invocations


You had 9 spell levels left.
You didn't know any spells.

Dungeon Overview and Level Annotations

Branches:
Dungeon (9/15)             Temple (1/1) D:7            Lair (0/8) D:8
    Orc: D:9-12

Altars:
Ashenzari
Cheibriados
Dithmenos
Elyvilon
Fedhas
Gozag
Kikubaaqudgha
Makhleb
Nemelex Xobeh
Okawaru
Qazlal
Ru
Sif Muna
Trog
Vehumet
Xom
Yredelemnul
Zin
The Shining One

Shops:
D:5 :


Message History

You are too injured to fight recklessly!
You are too injured to fight recklessly!
Evoke which item? (* to show all) (? for menu, Esc to quit)
Zapping:
o - a wand of lightning (will waste charges)
Press: ? - help, Shift-Dir - straight line, f - komodo dragon
Aim: a komodo dragon (heavily wounded)
You hear a mighty clap of thunder!
The bolt of lightning misses the komodo dragon.
Evoking this partially-identified wand wasted a few charges.
You hear a shout! x2
You barely miss the komodo dragon.
The komodo dragon is heavily wounded.
The komodo dragon bites you!!
* * * LOW HITPOINT WARNING * * *
The komodo dragon bites you!
* * * LOW HITPOINT WARNING * * *
Your shield and chain mail prevent you from hitting the komodo dragon.
The komodo dragon is heavily wounded.
The komodo dragon bites you!!
You die...

### ### ###### ###.# # # ..
#..#.# ###..########## #.#.
###..# #.#.###........
#>..#####..######........###..
#...#...........รท....## #.#
#.#.......l@....#####.# ###
##......#......#.######
#..##....#...####....#
.!?..#.###..###.##.###.##
######## ##.# ##### ##.# ###
###


You could see a komodo dragon.

Vanquished Creatures
  A centaur skeleton (D:8)
  Grinder (D:3)
  Sigmund (D:3)
  The ghost of Peloso the Shield-Bearer, an amateur MiFi (D:5)
  2 steam dragons
  A hippogriff (D:5)
  2 ice beasts
  2 phantoms
  3 orc warriors
  3 sky beasts
  2 ogres
  2 giant frogs (D:8)
  A gnoll sergeant (D:7)
  9 scorpions
  A wyvern skeleton (D:8)
  4 wights (D:8)
  2 quasits
  A crimson imp (D:5)
  A wasp zombie (D:5)
  2 hounds
  10 iguanas
  3 jellies
  6 orc priests
  9 orc wizards
  8 worker ants
  A hound zombie (D:5)
  2 hound skeletons (D:5)
  A worker ant zombie (D:6)
  12 adders
  10 gnolls
  An ooze (D:2)
  2 shadow imps
  2 adder skeletons
  A worm (D:3)
  11 giant geckos
  35 orcs
  8 bats
  7 giant cockroaches
  8 goblins
  7 hobgoblins
  12 jackals
  3 quokkas
  5 ball pythons
  A ball python skeleton (D:4)
  A giant gecko skeleton (D:5)
  5 giant newts
  12 kobolds
  9 rats
  4 fungi (D:6)
238 creatures vanquished.

Vanquished Creatures (others)
  An orc (D:8)
  2 fungi (D:6)
3 creatures vanquished.

Grand Total: 241 creatures vanquished

Notes
Turn   | Place    | Note
--------------------------------------------------------------
     0 | D:1      | Kloppie the Hill Orc Fighter began the quest for the Orb.
     0 | D:1      | Reached XP level 1. HP: 19/19 MP: 1/1
   117 | D:1      | Reached skill level 4 in Fighting
   117 | D:1      | Reached XP level 2. HP: 27/27 MP: 2/2
   371 | D:1      | Reached XP level 3. HP: 33/33 MP: 3/3
   935 | D:2      | Reached skill level 5 in Fighting
   935 | D:2      | Reached XP level 4. HP: 23/42 MP: 4/4
  1476 | D:2      | Reached XP level 5. HP: 45/48 MP: 5/5
  1803 | D:3      | Noticed Grinder
  1804 | D:3      | Paralysed by Grinder for 6 turns
  1817 | D:3      | Paralysed by Grinder for 6 turns
  1840 | D:3      | Killed Grinder
  1840 | D:3      | Reached skill level 6 in Fighting
  1840 | D:3      | Reached XP level 6. HP: 6/58 MP: 6/6
  2194 | D:3      | Noticed Sigmund
  2214 | D:3      | Killed Sigmund
  2214 | D:3      | Reached skill level 7 in Fighting
  2214 | D:3      | Reached XP level 7. HP: 25/66 MP: 7/7
  3637 | D:5      | Entered Level 5 of the Dungeon
  3637 | D:5      | Noticed Peloso's ghost (amateur MiFi)
  4095 | D:5      | Reached skill level 8 in Fighting
  4192 | D:5      | Found Vesien's Book Boutique.
  4266 | D:5      | Killed Peloso's ghost
  4266 | D:5      | Reached XP level 8. HP: 22/75 MP: 8/8
  4496 | D:4      | Reached skill level 9 in Axes
  4634 | D:5      | Found a blossoming altar of Fedhas.
  4634 | D:5      | Found a shimmering altar of Xom.
  5620 | D:6      | Reached skill level 10 in Fighting
  5620 | D:6      | Reached skill level 10 in Axes
  5964 | D:5      | Reached XP level 9. HP: 31/85 MP: 9/9
  6221 | D:5      | Reached skill level 5 in Armour
  7154 | D:7      | Found a staircase to the Ecumenical Temple.
  7163 | Temple   | Entered the Ecumenical Temple
  7298 | Temple   | Became a worshipper of Elyvilon the Healer
  7975 | D:7      | HP: 3/85 [gnoll sergeant/enchanted trident (11)]
  9262 | D:8      | Reached XP level 10. HP: 63/93 MP: 10/10
  9416 | D:8      | Noticed a centaur skeleton
  9425 | D:8      | Killed a centaur skeleton
  9425 | D:8      | Reached skill level 10 in Armour
  9449 | D:8      | Reached skill level 1 in Invocations
 10266 | D:8      | Reached skill level 5 in Invocations
 10739 | D:8      | Found a staircase to the Lair.
 10740 | D:8      | Noticed a komodo dragon
 10759 | D:8      | Mangled by a komodo dragon

Action                   |  1- 3 |  4- 6 |  7- 9 | 10-12 || total
-------------------------+-------+-------+-------+-------++-------
Melee: War axe           |   108 |   116 |   490 |   190 ||   904
Evoke: Wand              |       |       |       |     1 ||     1
  Use: Potion            |       |     1 |       |       ||     1
       Scroll            |       |       |    14 |       ||    14
 Stab: Held in net/web   |       |       |     4 |       ||     4
  Eat: Chunk             |       |     4 |    18 |     6 ||    28
       Beef jerky        |       |       |     3 |       ||     3
